 Dungeon Crawl Stone Soup version 0.13.1-28-g3517093 (console) character file.

282 Magician the Chopper (level 5, -2/47 HPs)
             Began as a Hill Orc Berserker on Mar 7, 2014.
             Was a Believer of Trog.
             Slain by a giant frog skeleton (5 damage)
             ... on Level 4 of the Dungeon.
             The game lasted 00:04:42 (548 turns).

Magician the Chopper (Hill Orc Berserker)            Turns: 548, Time: 00:04:42

HP  -2/47        AC  2     Str 21      XL: 5   Next: 66%
MP   4/4         EV 12     Int  7      God: Trog [**....]
Gold 95          SH  0     Dex 10      Spells:  0 memorised,  4 levels left

Res.Fire  : . . .   See Invis. : .   l - -1,+2 orc hand axe
Res.Cold  : . . .   Warding    : .   b - +0 animal skin
Life Prot.: . . .   Conserve   : .   (no shield)
Res.Poison: .       Res.Corr.  : .   (no helmet)
Res.Elec. : .       Clarity    : .   (no cloak)
Sust.Abil.: . .     Spirit.Shd : .   (no gloves)
Res.Mut.  : .       Stasis     : .   (no boots)
Res.Rott. : .       Flight     : .   (no amulet)
Saprovore : + . .                    (no ring)
                                     f - ring of protection from magic {unknown}

@: regenerating, exhausted, extremely resistant to hostile enchantments,
unstealthy
A: saprovore 1
a: Burn Spellbooks, Berserk, Trog's Hand, Renounce Religion


You were on level 4 of the Dungeon.
You worshipped Trog.
Trog was pleased with you.
You were not hungry.

You visited 1 branch of the dungeon, and saw 5 of its levels.

You collected 75 gold pieces.

Inventory:

Hand weapons
 a - a +0,+0 orcish hand axe {=f}
 l - a -1,+2 orcish hand axe (weapon)
 n - a +1,+0 dwarven hand axe (quivered)
Armour
 b - a +0 animal skin (worn)
Comestibles
 c - a meat ration
 d - a chunk of orc flesh
 k - 3 bread rations
Scrolls
 e - a scroll of enchant weapon II {unknown}
 g - 2 scrolls of identify {unknown}
 h - 2 scrolls of remove curse {unknown}
 j - a scroll of curse armour {unknown}
 m - a scroll of enchant weapon I {unknown}
Jewellery
 f - a ring of protection from magic (left hand) {unknown}
Potions
 i - a potion of might {unknown}


   Skills:
 + Level 5.0 Fighting
 + Level 5.7 Axes
 + Level 4.1 Armour
 - Level 1.5 Dodging


You had 4 spell levels left.
You didn't know any spells.

Dungeon Overview and Level Annotations

Branches:
Dungeon (5/27)
 Temple: D:4-7

Altars:


Innate Abilities, Weirdness & Mutations

You can tolerate rotten meat.


Message History

You feel resistant to hostile enchantments.
You feel slightly more hungry.
The giant frog skeleton closely misses you.
You slash the giant frog skeleton! The giant frog skeleton hits you.
* * * LOW HITPOINT WARNING * * *
The giant frog skeleton barely misses you.
You hit the giant frog skeleton. The giant frog skeleton hits you.
* * * LOW HITPOINT WARNING * * *
The giant frog skeleton hits you.
* * * LOW HITPOINT WARNING * * *
You barely miss the giant frog skeleton.
The giant frog skeleton closely misses you.
The giant frog skeleton hits you.
* * * LOW HITPOINT WARNING * * *
You hit the giant frog skeleton.
You feel yourself speed up. The giant frog skeleton hits you.
* * * LOW HITPOINT WARNING * * *
The giant frog skeleton hits you.
You die...

.........................#
.........####..#.####))..#
.........# #..#.# #)...#
####.########..#.####....#
....... ...............#.#
....... ...?.............#
.###.########......##..###
## #.# #.........<# .
#..z@..##..#
#..#####...... ...).
......# ....$. ......#
...... ....... . ###


You could see a giant frog skeleton.

Vanquished Creatures
  An ogre (D:4)
  An iguana (D:4)
  A worker ant (D:4)
  2 adders
  A giant gecko (D:4)
  An ooze (D:4)
  6 orcs (D:4)
  A ball python (D:2)
  4 bats
  3 giant cockroaches
  A goblin (D:4)
  2 hobgoblins (D:4)
  3 giant newts
  A giant newt skeleton (D:4)
  3 kobolds
  4 rats
35 creatures vanquished.

Notes
Turn   | Place    | Note
--------------------------------------------------------------
     0 | D:1      | Magician, the Hill Orc Berserker, began the quest for the Orb.
     0 | D:1      | Reached XP level 1. HP: 19/19 MP: 0/0
     6 | D:1      | Noticed a spiny worm
     6 | D:1      | Noticed a grizzly bear
     6 | D:1      | Noticed a hog
     6 | D:1      | Noticed a killer bee
     6 | D:1      | Noticed a fire drake
    95 | D:2      | Reached XP level 2. HP: 21/26 MP: 1/1
   209 | D:4      | Reached XP level 3. HP: 33/33 MP: 2/2
   240 | D:4      | Acquired Trog's second power
   284 | D:4      | Noticed an ogre
   305 | D:4      | Killed an ogre
   305 | D:4      | Reached skill level 5 in Axes
   305 | D:4      | Reached XP level 4. HP: 40/40 MP: 3/3
   305 | D:4      | Reached XP level 5. HP: 47/47 MP: 4/4
   372 | D:4      | Reached skill level 5 in Fighting
   439 | D:5      | Entered Level 5 of the Dungeon
   548 | D:4      | Slain by a giant frog skeleton

Action                   |  1- 3 |  4- 6 || total
-------------------------+-------+-------++-------
Melee: Hand axe          |    59 |    57 ||   116
Invok: Berserk           |     4 |     1 ||     5
       Trog's Hand       |       |     4 ||     4
  Use: Potion            |       |     4 ||     4
